 Dungeon Crawl Stone Soup version 0.29-a0-284-gf9362112df (webtiles) character file.

Game seed: 16237928130626040294

14 bladeefan the Skirmisher (level 2, -1/27 (36) HPs)
             Began as a Demonspawn Fighter on Mar 28, 2022.
             Slain by a necrophage (5 damage)
             ... on level 1 of the Dungeon.
             The game lasted 00:01:07 (746 turns).

bladeefan the Skirmisher (Demonspawn Fighter)        Turns: 746, Time: 00:01:07

HP:   -1/27 (36)    AC:  6    Str: 16    XL:     2   Next: 27%
MP:   2/2           EV:  8    Int:  9    God:
Gold: 33            SH:  4    Dex: 12    Spells: 1/1 levels left

rFire   . . .      SeeInvis .   a - +0 flail
rCold   . . .      Faith    .   c - +0 buckler
rNeg    . . .      Spirit   .   b - +0 scale mail
rPois   .          Reflect  .   (no helmet)
rElec   .          Harm     .   (no cloak)
rCorr   .          Rampage  .   (no gloves)
Will    .....                   (no boots)
Stlth   ..........              (no amulet)
HPRegen 0.09/turn               (no ring)
MPRegen 0.08/turn               (no ring)

@: mighty, berserking, very heavily drained, very quick
A: spiny 1
a: no special abilities


You were on level 1 of the Dungeon.
You visited 1 branch of the dungeon, and saw 2 of its levels.

You collected 33 gold pieces.

Inventory:

Hand Weapons
 a - a +0 flail (weapon)
Armour
 b - a +0 scale mail (worn)
 c - a +0 buckler (worn)
Scrolls
 e - a scroll of teleportation {unknown}
 g - a scroll of fear {unknown}
 h - a scroll of vulnerability {unknown}
Potions
 i - a potion of curing {unknown}


   Skills:
 + Level 3.1 Fighting
 * Level 2.2 Maces & Flails
 + Level 2.8 Armour
 + Level 2.8 Shields


You had one spell level left.
You didn't know any spells.
Your spell library was empty.

Dungeon Overview and Level Annotations

Branches:
Dungeon (2/15)

Altars:


Innate Abilities, Weirdness & Mutations

You are partially covered in sharp spines.


Message History

Done exploring.
Done exploring.
No target in view!
Done exploring.
(D) Dungeon
Where to? (? - help)
There is a stone staircase leading down here.
You climb downwards.
Found a white potion.
There is a stone staircase leading up here.
A necrophage is nearby!
You closely miss the necrophage. The necrophage hits you.
You feel drained.
You closely miss the necrophage.
The necrophage hits you but does no damage.
You barely miss the necrophage.
The necrophage is struck by your spines.
The necrophage hits you. x2; You feel drained.
You completely miss the necrophage.
The necrophage is struck by your spines.
The necrophage hits you.
* * * LOW HITPOINT WARNING * * *
You feel drained.
* * * LOW HITPOINT WARNING * * *
The necrophage attacks as you move away!
The necrophage is struck by your spines.
The necrophage barely misses you.
There is a stone staircase leading up here.
The necrophage hits you.
* * * LOW HITPOINT WARNING * * *
You climb upwards.
There is a stone staircase leading down here.
The necrophage attacks as you move away!
The necrophage hits you.
* * * LOW HITPOINT WARNING * * *
You feel drained.
* * * LOW HITPOINT WARNING * * *
The necrophage attacks as you move away!
The necrophage hits you.
* * * LOW HITPOINT WARNING * * *
You feel drained.
You feel very mighty all of a sudden. The necrophage misses you.
It was a potion of berserk rage.
A red film seems to cover your vision as you go berserk!
You feel yourself moving faster!
You feel mighty!
The necrophage hits you but does no damage.
You sock the necrophage!
The necrophage is struck by your spines.
The necrophage hits you.
You die...

######
##.#########.#.......[.
#......................
#..#########.####.#.### #..#
##...##.#.# #..#
#.....#.#.### #..#
##.........†..
#######..#######......#######
##....§.....#.........##
####..§≈≈≈......@.≈≈≈≈..##
.....≈§≈≈≈§.....n≈≈≈≈≈≈.#
###..≈≈≈≈≈≈..<>..≈≈≈≈≈≈.#
#..≈≈≈≈≈≈......≈≈≈≈≈≈.##
##..≈≈≈≈..####.[≈≈≈≈...#
#####.§....## ##......#.# ..#
#####..# #.....##.########
#.# #..## ##.#..###..>......
#.# #...####..#.......#######


You could see a necrophage.

Vanquished Creatures
  A goblin (D:1)
  A hobgoblin (D:1)
  A kobold (D:1)
  2 quokkas (D:1)
  2 ball pythons (D:1)
  3 bats (D:1)
  A frilled lizard (D:1)
  3 rats (D:1)
14 creatures vanquished.

Notes
Turn   | Place    | Note
-------+----------+-------------------------------------------
     0 | D:1      | bladeefan the Demonspawn Fighter began the quest for the
                  | Orb.
     0 | D:1      | Reached XP level 1. HP: 18/18 MP: 1/1
   294 | D:1      | Found a faded altar of an unknown god.
   413 | D:1      | Gained mutation: You are partially covered in sharp spines.
                  | [demonic ancestry]
   413 | D:1      | Reached XP level 2. HP: 24/24 MP: 2/2
   731 | D:2      | Noticed a necrophage
   746 | D:1      | Slain by a necrophage

Illustrated notes

Levels and vault maps discovered:
D:1:      dpeg_arrival_pits, layout_loops_ring,
          hellmonk_ecumenical_altar_crossroads
D:2:      layout_basic, serial_glass, glass_columns_a, glass_columns_a,
          uniq_jessica

Skill      XL: |  1 |
---------------+----+-----
Maces & Flails | 2 |  2.2
Fighting       | |  3.1
Armour         | |  2.8
Shields        | |  2.8

Action                   || total
-------------------------++-------
Melee: Flail             ||    37
  Use: Potion            ||     2
Armor: Scale mail        ||    10
Dodge: Dodged            ||    22
Block: Buckler           ||    12

Table legend: (Time is in decaauts)
 A = Elapsed time spent in this place.
 B = Non-inter-level travel time spent in this place.
 C = Inter-level travel time spent in this place.
 D = Time resting spent in this place.
 E = Time spent auto-exploring this place.
 F = Levels seen in this place.
 G = Mean time per level.
                   A        B        C        D        E       F      G
               +--------+--------+--------+--------+--------+-----+--------+
         Total |    758 |    711 |     47 |      0 |    593 |   2 |  379.0 |
       Dungeon |    758 |    711 |     47 |      0 |    593 |   2 |  379.0 |
               +--------+--------+--------+--------+--------+-----+--------+

Top non-repeatable levels by time:
     D:1: 747 daAuts
     D:2: 11 daAuts
